 Dungeon Crawl Stone Soup version 0.29-a0-194-g6e3aafee17 (webtiles) character file.

Game seed: 6227298189878288198

116 mcwallace the Ducker (level 5, -2/38 HPs)
             Began as a Djinni Fire Elementalist on Feb 23, 2022.
             Slain by a hound (3 damage)
             ... on level 3 of the Dungeon.
             The game lasted 00:05:03 (3655 turns).

mcwallace the Ducker (Djinni Fire Elementalist)     Turns: 3655, Time: 00:05:03

Health: -2/38      AC:  6    Str: 10    XL:     5   Next: 20%
Gold:   120        EV: 13    Int: 21    God:
                   SH:  0    Dex: 19

rFire   + + .      SeeInvis .   c - +0 spear {polearm}
rCold   x . .      Faith    .   (no shield)
rNeg    . . .      Spirit   .   g - +0 leather armour
rPois   ∞          Reflect  .   (helmet restricted)
rElec   .          Harm     +   z - +2 cloak "Lithruba" {Harm Str+3 Int+2}
rCorr   .          Rampage  .   (no gloves)
Will    .....      Rage     1%  (boots unavailable)
Stlth   +.........              (no amulet)
HPRegen 0.12/turn               B - +6 ring of dexterity
MPRegen 0.00/turn               (no ring)

@: lit by a corona, flying, hasted, glowing, very quick
A: sickness immunity, fire resistance 2, cold vulnerability 1, float, innate
caster, HP casting, extra vitality 1, antennae 1, berserk 1
a: no special abilities


You were on level 3 of the Dungeon.
You visited 1 branch of the dungeon, and saw 4 of its levels.

You collected 120 gold pieces.


Innate Abilities, Weirdness & Mutations

You are immune to sickness and miasma.
You are immune to poison.
Your flesh is very heat resistant. (rF++)
You are vulnerable to cold. (rC-)
You float through the air rather than walking.
You learn spells naturally, not from books.
Your magical power is your life essence.
You have superior vitality. (+4 MHP)
You have a pair of small antennae on your head.
You tend to lose your temper in combat.


   Skills:
 + Level 2.2 Fighting
 + Level 1.2 Armour
 + Level 3.4 Dodging
 - Level 1.5 Stealth
 + Level 3.1 Spellcasting


You couldn't memorise any spells.
You knew the following spells:

 Your Spells              Type           Power      Damage    Failure   Level
a - Foxfire               Conj/Fire      64%        2x1d7     4%          1
b - Scorch                Fire           32%        2d7       8%          2
c - Conjure Flame         Conj/Fire      16%        6-21      14%         3
d - Inner Flame           Hex/Fire       16%        N/A       14%         3
e - Flame Wave            Conj/Fire      16%        2d6       43%         4
f - Slow                  Hex            64%        N/A       4%          1
g - Blink                 Tloc           32%        N/A       8%          2
Your spell library was empty.

Inventory:

Hand Weapons
 c - a +0 spear (weapon) {polearm}
   (You found it on level 1 of the Dungeon)
 f - a +0 hunting sling {sling}
   (You found it on level 1 of the Dungeon)
 F - a +1 dagger of freezing {short}
   (You took it off a gnoll on level 3 of the Dungeon)
Missiles
 b - 111 stones {throwing}
 w - 4 atropa-tipped darts {throwing}
Armour
 a - a +0 robe
 g - a +0 leather armour (worn)
   (You found it on level 1 of the Dungeon)
 q - a +0 ring mail
   (You found it on level 2 of the Dungeon)
 r - a +0 robe
   (You found it on level 2 of the Dungeon)
 s - a +0 leather armour
   (You took it off a kobold on level 2 of the Dungeon)
 u - a +0 ring mail
   (You found it on level 2 of the Dungeon)
 v - a +0 robe
   (You found it on level 2 of the Dungeon)
 z - the +2 cloak "Lithruba" (worn) {Harm Str+3 Int+2}
   (You found it on level 3 of the Dungeon)

   Str:       It affects your strength (+3).
   Int:       It affects your intelligence (+2).
   Harm:      It increases damage dealt and taken.
 C - a +2 animal skin
   (You took it off Robin on level 3 of the Dungeon)
 D - a +2 helmet
   (You took it off Robin on level 3 of the Dungeon)
Jewellery
 o - a ring of poison resistance
   (You found it on level 2 of the Dungeon)
 B - a +6 ring of dexterity (left hand)
   (You found it on level 3 of the Dungeon)
Scrolls
 j - a scroll of magic mapping {unknown}
 m - a scroll of fear {unknown}
 t - a scroll of identify {unknown}
 y - a scroll of amnesia {unknown}
 H - a scroll of vulnerability {unknown}
Potions
 d - a potion of heal wounds {unknown}
 e - 4 potions of mutation {!q}
 h - 2 potions of haste {@q3}
 i - a potion of might {unknown}
 k - a potion of ambrosia {unknown}
 l - a potion of resistance {unknown}
 n - 2 potions of attraction {unknown}
 p - a potion of berserk rage {unknown}
 x - 3 potions of curing {unknown}
 A - a potion of flight {unknown}
 E - 2 potions of degeneration {unknown}
 G - a potion of lignification {unknown}

Dungeon Overview and Level Annotations

Branches:
Dungeon (4/15)
 Temple: D:4-7

Altars:
Gozag
Yredelemnul

Annotations:
D:3 Dowan, Duvessa
D:4 Ijyb

..............#
#######.......#
.....##.......#
..##.##.......##########
......#.......#........#
......#...........†....#
..<....................#
..............>§e......#######
...#.....####..h@............#
.###.##..............#######.#
## #.##..............# #.# #
#.##..............# #.#
####.###.#.e.........# #.#
§............#..########## #.#
#§.......##..#...........# #.#
.§§§.....##..#...........# #.#
≈≈§§≈≈≈≈..#..#...........# #.#


You could see Duvessa (fast), Dowan and a hound.


Message History

😕 HP[-1]
You take 1 damage, and now have 34/38 hp.
There is an escape hatch in the ceiling here.
H - a scroll labelled BEOREDGH XI XOPOY 😎 HP[+4]
Your hp is fully restored (38).
Done exploring.
Done exploring.
There is a stone staircase leading down here.
You need no library to learn spells.
Unknown command.
Casting: Foxfire (safe; 4% risk of failure)
Confirm with . or Enter, or press ? or * to list all spells.
Okay, then.
Unknown command.
Done exploring.
Done exploring.
You fly downwards.
There is a stone staircase leading up here.
You conjure some foxfire!
Duvessa shouts!
Dowan shouts!
Dowan hits you with a +0 dagger.
The hound barks! 😕 HP[-2]
You take 2 damage, and now have 36/38 hp.
You conjure some foxfire!
The foxfire hits Duvessa but does no damage.
The foxfire hits Duvessa.
Dowan casts a spell at you. You resist with some effort. 😕 HP[-1]
You take 1 damage, and now have 35/38 hp.
You conjure some foxfire!
The foxfire hits Duvessa but does no damage. x2
A centaur skeleton comes into view.
Duvessa completely misses you.
Dowan gestures at Duvessa while chanting.
Duvessa seems to speed up. 😕 HP[-1]
You take 1 damage, and now have 34/38 hp.
You conjure some foxfire!
The foxfire hits Duvessa. x2
Duvessa hits you but does no damage. Dowan barely misses you. 😕 HP[-1]
You take 1 damage, and now have 33/38 hp.
You conjure some foxfire!
The foxfire hits Duvessa but does no damage.
The foxfire hits Duvessa.
Duvessa barely misses you. Duvessa hits you with a +0 short sword.
Dowan hits you with a +0 dagger. 😮 HP[-6]
You take 6 damage, and now have 27/38 hp.
You are too injured to fight recklessly!
Unknown command.
Casting: Foxfire (safe; 4% risk of failure)
Confirm with . or Enter, or press ? or * to list all spells.
Flames lash Duvessa.
Duvessa's fire resistance burns away.
The foxfire hits Duvessa.
The foxfire hits Duvessa but does no damage.
Duvessa misses you.
Dowan mumbles some strange words.
Dowan blinks!
The hound bites you but does no damage. 😮 HP[-2]
You take 2 damage, and now have 25/38 hp.
Casting: Scorch (safe; 8% risk of failure)
Confirm with . or Enter, or press ? or * to list all spells.
Flames lash Dowan.
Dowan's fire resistance burns away.
You hear a shout!
Duvessa barely misses you. The hound barely misses you.
Duvessa hits you with a +0 short sword.
* * * LOW HITPOINT WARNING * * *
Dowan gestures at you while chanting.
You are outlined in light. 😨 HP[-6]
You take 6 damage, and now have 19/38 hp.
Duvessa is no longer more vulnerable to fire.
The hound barely misses you. Duvessa hits you with a +0 short sword.
* * * LOW HITPOINT WARNING * * *
The centaur skeleton hits you but does no damage.
The centaur skeleton barely misses you. Dowan barely misses you.
The hound bites you.
* * * LOW HITPOINT WARNING * * *
You fly upwards.
There is a stone staircase leading down here. 😨 HP[-6]
You take 6 damage, and now have 13/38 hp.
The hound bites you but does no damage.
Dowan is no longer more vulnerable to fire.
The hound barely misses you. The hound bites you but does no damage.
Duvessa hits you with a +0 short sword!
* * * LOW HITPOINT WARNING * * *
😱 HP[-12]
You take 12 damage, and now have 1/38 hp.
MASSIVE DAMAGE!! (PAUSE) Sorry, you're not good enough to have a special ability.
It was a potion of mutation.
You feel extremely strange.
You feel a little pissed off. A pair of antennae grows on your head!
The hound bites you but does no damage. Duvessa closely misses you.
Dowan casts a spell.
Dowan blinks!
It was a potion of haste.
You feel yourself speed up. The hound bites you.
You die...

Skill      XL: |  1  2  3  4 |
---------------+-------------+-----
Fighting       | 1 2 |  2.2
Dodging        | 3 |  3.4
Spellcasting   | 3 |  3.1
Armour         | 1 |  1.2
Stealth        | |  1.5

Action                   |  1- 3 |  4- 6 || total
-------------------------+-------+-------++-------
Melee: Spear             |    17 |     2 ||    19
       Unarmed           |     1 |       ||     1
 Cast: Foxfire           |    80 |    42 ||   122
       Scorch            |       |     2 ||     2
  Use: Potion            |       |     2 ||     2
 Stab: Sleeping          |     1 |       ||     1
Armor: Robe              |     4 |       ||     4
       Leather armour    |       |     7 ||     7
Dodge: Dodged            |    17 |    13 ||    30

Levels and vault maps discovered:
D:1:      dpeg_arrival_arbitrary_a, layout_basic, grunt_decor_cap,
          supply_closet_lemuel
D:2:      layout_basic, dreamdust_ecumenical_altar_hidden_monk_grotto
D:3:      layout_basic, mainiacjoe_overflow_brackets, grunt_gozag_statues,
          chequers_avenue, uniq_robin
D:4:      layout_cave_pools, grunt_dithmenos_smoke, uniq_ijyb, uniq_duvessa

Notes
Turn   | Place    | Note
-------+----------+-------------------------------------------
     0 | D:1      | mcwallace the Djinni Fire Elementalist began the quest for
                  | the Orb.
     0 | D:1      | Reached XP level 1. HP: 15/15 MP: 0/0
     0 | D:1      | magus.rc [v1.9.6]
   497 | D:1      | Reached XP level 2. HP: 21/22 MP: 0/0
   627 | D:1      | Reached skill level 1 in Fighting
  1211 | D:1      | Reached XP level 3. HP: 23/27 MP: 0/0
  1211 | D:1      | Learned a level 1 spell: Slow
  2065 | D:2      | Found a faded altar of an unknown god.
  2201 | D:2      | Reached skill level 3 in Dodging
  2625 | D:3      | Identified the +2 cloak "Lithruba" {Harm Str+3 Int+2}
  2663 | D:3      | Reached XP level 4. HP: 32/33 MP: 0/0
  2740 | D:3      | Reached skill level 3 in Spellcasting
  2925 | D:3      | Reached skill level 2 in Fighting
  3050 | D:3      | Noticed Robin
  3052 | D:3      | Reached skill level 1 in Armour
  3063 | D:3      | Killed Robin
  3064 | D:3      | Reached XP level 5. HP: 29/38 MP: 0/0
  3064 | D:3      | Learned a level 2 spell: Blink
  3253 | D:3      | Found an opulent altar of Gozag.
  3350 | D:3      | Found a basalt altar of Yredelemnul.
  3642 | D:4      | Noticed Duvessa
  3642 | D:4      | Noticed Dowan
  3650 | D:4      | Noticed an ogre
  3650 | D:4      | Noticed Ijyb
  3653 | D:3      | HP: 1/38 [Duvessa/+0 short sword (12)]
  3654 | D:3      | Gained mutation: You tend to lose your temper in combat.
                  | [potion of mutation]
  3654 | D:3      | Gained mutation: You have a pair of small antennae on your
                  | head. [potion of mutation]
  3655 | D:3      | Slain by a hound

Vanquished Creatures
  Robin (D:3)
  4 gnolls (D:3)
  A worm (D:2)
  3 dart slugs
  An orc (D:3)
  4 endoplasms
  7 hobgoblins
  6 jackals
  A quokka (D:1)
  4 bats
  3 frilled lizards
  10 goblins
  5 kobolds
  4 rats (D:1)
54 creatures vanquished.

Vanquished Creatures (others)
  201 foxfires
  A fungus (D:2)
202 creatures vanquished.

Grand Total: 256 creatures vanquished

Table legend:
 A = Non-vault XP
 B = Vault XP
 C = Vault XP percentage of total XP
 D = Non-vault monster count
 E = Vault monster count
 F = Vault count percentage of total count
                 A         B        C        D         E       F
            +---------+---------+-------+---------+---------+-------
      Total |     139 |      27 |  16.3 |      46 |       8 |  14.8
            +---------+---------+-------+---------+---------+-------
        D:1 |      37 |       0 |   0.0 |      21 |       0 |   0.0
        D:2 |      28 |       0 |   0.0 |      12 |       0 |   0.0
        D:3 |      74 |      27 |  26.7 |      13 |       8 |  38.1
            +---------+---------+-------+---------+---------+-------

Illustrated notes

Table legend:
 A = Kills in this place as a percentage of kills in entire the game.
 B = Kills by you in this place as a percentage of kills by you in the entire game.
 C = Kills by friends in this place as a percentage of kills by friends in the entire game.
 D = Other kills in this place as a percentage of other kills in the entire game.
 E = Experience gained in this place as a percentage of experience gained in the entire game.
 F = Experience gained in this place divided by the number of levels of this place that you have seen.
                   A       B       C       D       E      F
               +-------+-------+-------+-------+-------+----------------------
         Total | 100.0 | 100.0 |   N/A |   N/A | 100.0 |  41.5
       Dungeon | 100.0 | 100.0 |   N/A |   N/A | 100.0 |  41.5
               +-------+-------+-------+-------+-------+----------------------

Table legend: (Time is in decaauts)
 A = Elapsed time spent in this place.
 B = Non-inter-level travel time spent in this place.
 C = Inter-level travel time spent in this place.
 D = Time resting spent in this place.
 E = Time spent auto-exploring this place.
 F = Levels seen in this place.
 G = Mean time per level.
                   A        B        C        D        E       F      G
               +--------+--------+--------+--------+--------+-----+--------+
         Total |   3655 |   3570 |     85 |      0 |   3152 |   4 |  913.8 |
       Dungeon |   3655 |   3570 |     85 |      0 |   3152 |   4 |  913.8 |
               +--------+--------+--------+--------+--------+-----+--------+

Top non-repeatable levels by time:
     D:1: 1744 daAuts
     D:3: 1138 daAuts
     D:2: 764 daAuts
     D:4: 8 daAuts
